 Dungeon Crawl Stone Soup version 0.29.1-15-g9cfb28693d (webtiles) character file.

Game seed: 16554070781330124540

1202 H0rd4k the Charlatan (level 8, -4/61 HPs)
             Began as a Human Artificer on Apr 18, 2023.
             Killed from afar by an orc wizard (9 damage)
             ... with a puff of flame
             ... on level 6 of the Dungeon.
             The game lasted 00:05:21 (6988 turns).

H0rd4k the Charlatan (Human Artificer)              Turns: 6988, Time: 00:05:21

Health: -4/61      AC:  4    Str: 13    XL:     8   Next: 73%
Magic:  8/8        EV: 13    Int: 14    God:
Gold:   260        SH:  0    Dex: 13    Spells: 7/7 levels left

rFire   . . .      SeeInvis .   o - +1 dagger (venom)
rCold   . . .      Faith    .   (no shield)
rNeg    . . .      Spirit   .   b - +0 leather armour
rPois   .          Reflect  .   (no helmet)
rElec   .          Harm     .   x - +0 cloak {Will+}
rCorr   .          Rampage  .   (no gloves)
Will    +....                   (no boots)
Stlth   ++........              (no amulet)
HPRegen 0.20/turn               (no ring)
MPRegen 0.11/turn               (no ring)

@: no status effects
A: no striking features
a: no special abilities


You were on level 6 of the Dungeon.
You visited 2 branches of the dungeon, and saw 7 of its levels.

You collected 260 gold pieces.

Inventory:

Hand Weapons
 o - a +1 dagger of venom (weapon)
Missiles
 j - a throwing net
 v - 5 poisoned darts
Armour
 b - a +0 leather armour (worn)
 x - a +0 cloak of willpower (worn)
Magical Staves
 n - a staff of conjuration
Wands
 c - a wand of flame (8) (quivered)
 e - a wand of iceblast (9)
 w - a wand of light (1)
Scrolls
 f - a scroll of amnesia {unknown}
 g - 2 scrolls of immolation {unknown}
 h - a scroll of torment {unknown}
 i - 6 scrolls of identify {unknown}
 k - a scroll of butterflies {unknown}
 l - 3 scrolls of magic mapping {unknown}
 q - 2 scrolls of teleportation {unknown}
 s - 2 scrolls of enchant armour {unknown}
 t - 2 scrolls of enchant weapon {unknown}
Potions
 a - 2 potions of brilliance {unknown}
 m - a potion of curing
 p - a potion of haste {unknown}
 r - 3 potions of heal wounds {unknown}
 u - 2 potions of mutation {unknown}


   Skills:
 + Level 4.3 Fighting
 + Level 4.6 Short Blades
 + Level 3.1 Maces & Flails
 - Level 2.0 Armour
 + Level 4.0 Dodging
 + Level 3.6 Stealth
 + Level 4.7 Evocations


You had 7 spell levels left.
You didn't know any spells.
Your spell library contained the following spells:

 Spells                   Type           Power      Damage    Failure   Level
 Freeze                   Ice            0%         1d3       36%         1
 Frozen Ramparts          Ice            0%         1d1       73%         3
 Hailstorm                Conj/Ice       0%         3d3       98%         4


Dungeon Overview and Level Annotations

Branches:
Dungeon (6/15)             Temple (1/1) D:5

Altars:
Ashenzari
Cheibriados
Elyvilon
Fedhas
Qazlal
Sif Muna
Trog
Uskayaw
Wu Jian
Yredelemnul
Zin

Shops:
D:1 (   D:6 =


Message History

Found a chain mail.
An orc wizard comes into view. It is wielding a +0 dagger.
An orc priest comes into view. It is wielding a +0 short sword.
An orc comes into view. It is wielding a +0 dagger.
Found a glowing silver altar of Zin.
You see here a scroll labelled INOUTANIVU.
i - 6 scrolls labelled INOUTANIVU (gained 1)
The orc shouts!
An orc comes into view. It is wielding a +0 short sword.
The orc moves out of view.
Aiming: Iceblast
Press: ? - help, Shift-Dir - straight line, f - jelly
Aim: a jelly The mass of ice explodes!
The iceblast engulfs the jelly!!
You kill the jelly!
The orc shouts!
You hear a shout!
An orc comes into view. It is wielding a +0 club.
Your life force feels restored.
The orc wizard shouts!
The iguana closely misses you.
The orc wizard gestures wildly while chanting.
The orc wizard flickers and vanishes!
Deactivating autopickup; reactivate with Ctrl-A.
The iguana bites you!
* * * LOW HITPOINT WARNING * * *
The orc priest hits you with a +0 short sword.
* * * LOW HITPOINT WARNING * * *
The orc priest calls down the wrath of Beogh upon you.
Pain shoots through your body!
* * * LOW HITPOINT WARNING * * *
The orc attacks as you move away! The orc hits you with a +0 dagger.
* * * LOW HITPOINT WARNING * * *
You feel better. The iguana closely misses you.
The iguana attacks as you move away! The iguana bites you.
* * * LOW HITPOINT WARNING * * *
The orc attacks as you move away! The orc barely misses you.
You hear some strange, mumbled words.
A puff of flame appears from out of thin air!
The puff of flame hits you!
You die...

#.## ####.......
#..######J....#.
#......#......#
#.<....#......#
#########......#......#
.................>....#
.....?.........#......#
.♣♣. ♣....l......#....[.#
..♣.♣..♣.@#.............#
♣.....♣♣{.#o..............
.._{o.o..#o.....##....#..
{...♣♣.................#
♣.♣o.♣...##########...∩
.♣♣.♣♣[....# #.
........##.# ####.......#
#########


You could see an iguana and an orc (wandering).

Vanquished Creatures
  Sigmund (D:3)
  Eustachio (D:5)
  A black bear (D:5)
  An ogre (D:6)
  2 phantoms
  A scorpion (D:5)
  A wight (D:6)
  2 hounds
  A jelly (D:6)
  3 orc priests
  4 iguanas
  An orc wizard (D:4)
  Robin (D:4)
  A gnoll (D:3)
  3 adders
  A white imp (D:5)
  A worm (D:2)
  5 orcs
  4 ball pythons
  3 endoplasms
  2 giant cockroaches
  16 goblins
  8 hobgoblins
  3 jackals (D:3)
  4 quokkas
  A bat (D:1)
  4 frilled lizards
  3 kobolds
  6 rats
85 creatures vanquished.

Vanquished Creatures (collateral kills)
  A gnoll (D:3)
  An orc (D:5)
  A giant cockroach (D:4)
3 creatures vanquished.

Vanquished Creatures (others)
  A hound (D:6)
  An orc priest (D:4)
  2 gnolls (D:3)
  An adder (D:6)
  An orc (D:4)
  A goblin (D:4)
7 creatures vanquished.

Grand Total: 95 creatures vanquished

Notes
Turn   | Place    | Note
-------+----------+-------------------------------------------
     0 | D:1      | H0rd4k the Human Artificer began the quest for the Orb.
     0 | D:1      | Reached XP level 1. HP: 15/15 MP: 1/1
   264 | D:1      | Reached XP level 2. HP: 18/21 MP: 2/2
   905 | D:1      | Found a faded altar of an unknown god.
   968 | D:1      | Found Elurexig's Antique Weapon Shop.
  1436 | D:2      | Reached XP level 3. HP: 19/26 MP: 3/3
  2191 | D:3      | Reached skill level 1 in Maces & Flails
  2535 | D:3      | Reached XP level 4. HP: 29/32 MP: 4/4
  2548 | D:3      | HP: 1/32 [gnoll/+0 club (5)]
  3252 | D:3      | Noticed Sigmund
  3260 | D:3      | Killed Sigmund
  3261 | D:3      | Reached skill level 1 in Short Blades
  3261 | D:3      | Reached XP level 5. HP: 38/38 MP: 5/5
  3261 | D:3      | Reached XP level 6. HP: 44/44 MP: 6/6
  4043 | D:4      | Noticed Robin
  4252 | D:4      | Killed Robin
  4315 | D:4      | Reached XP level 7. HP: 17/51 MP: 7/7
  4699 | D:4      | Found a basalt altar of Yredelemnul.
  5100 | D:5      | Entered Level 5 of the Dungeon
  5701 | D:5      | Found a staircase to the Ecumenical Temple.
  5737 | Temple   | Entered the Ecumenical Temple
  6300 | D:5      | Noticed Eustachio
  6325 | D:5      | Killed Eustachio
  6326 | D:5      | Reached XP level 8. HP: 27/59 MP: 8/8
  6964 | D:6      | Found Kelaowir's Jewellery Emporium.
  6973 | D:6      | Found a glowing silver altar of Zin.
  6982 | D:6      | HP: 3/61 [orc priest/nerve-wracking pain (9)]
  6988 | D:6      | Killed from afar by an orc wizard

Illustrated notes

Levels and vault maps discovered:
D:1:      saegor_arrival_simple_d, layout_loops_cross, serial_shops, shop,
          shapermc_ecumenical_altar_ellora
D:2:      layout_loops_ring
D:3:      layout_loops_ring, minmay_circle_x, uniq_sigmund
D:4:      layout_loops_ring, kennysheep_little_box, uniq_robin
D:5:      layout_gridville, minmay_temple_entry_junction, uniq_eustachio
D:6:      layout_rooms, nicolae_dithmenos_through_a_glass_darkly,
          nicolae_gozag_cash_rules_everything_around_me,
          mainiacjoe_overflow_small_starburst, serial_shops, shop,
          nicolae_ossuary_entry_ruins
Temple:   nicolae_temple_cloud_nine

Skill      XL: |  1  2  3  4  5  6  7  8 |
---------------+-------------------------+-----
Maces & Flails | 1 2 3 |  3.1
Fighting       | 2 3 4 |  4.3
Short Blades   | 1 2 3 4 |  4.6
Dodging        | 2 3 4 |  4.0
Stealth        | 2 3 |  3.6
Evocations     | 4 |  4.7
Armour         | |  2.0

Action                   |  1- 3 |  4- 6 |  7- 9 || total
-------------------------+-------+-------+-------++-------
Melee: Club              |   107 |       |       ||   107
       Punch             |     4 |     2 |     2 ||     8
       Dagger            |    20 |    98 |   164 ||   282
Evoke: Wand              |     6 |    12 |    11 ||    29
  Use: Potion            |       |     1 |     1 ||     2
 Stab: Sleeping          |     2 |     2 |     1 ||     5
       Distracted        |       |       |     1 ||     1
Armor: Leather armour    |    38 |    15 |    30 ||    83
Dodge: Dodged            |    67 |    61 |   108 ||   236
